 Dungeon Crawl Stone Soup version 0.30-a0-394-g3e4acdb0ae (webtiles) character file.

Game seed: 3000882645513213929

6977 zishaf the Covert (level 11, -2/58 HPs)
             Began as a Vine Stalker Brigand on Dec 6, 2022.
             Was a Believer of Uskayaw.
             Asphyxiated
             ... on level 10 of the Dungeon.
             The game lasted 00:24:05 (8990 turns).

zishaf the Covert (Vine Stalker Brigand)            Turns: 8990, Time: 00:24:05

Health: -2/58      AC:  9    Str: 16    XL:     11   Next: 8%
Magic:  0/18       EV: 10    Int: 11    God:    Uskayaw [**....]
Gold:   807        SH: 10    Dex: 18    Spells: 10/10 levels left

rFire   + . .      SeeInvis .    a - +3 dagger (vamp)
rCold   + . .      Faith    .    p - +0 kite shield
rNeg    . . .      Spirit   +    I - +0 steam dragon scales
rPois   .          Reflect  .    s - +1 helmet
rElec   .          Harm     .    c - +0 cloak
rCorr   .          Rampage  .    (no gloves)
Will    +....                    u - +0 pair of boots
Stlth   ++++......               v - amulet of regeneration
HPRegen 1.89/turn                f - ring of protection from fire
MPRegen 0.16/turn                g - ring of protection from cold

@: lethally poisoned (-2 -> -16), slowed, very slow
A: fangs 3, regeneration 1, magic shield, antimagic bite, no potion heal 2
a: Renounce Religion, Stomp, Line Pass


You were on level 10 of the Dungeon.
You worshipped Uskayaw.
Uskayaw was aware of your devotion.
You visited 2 branches of the dungeon, and saw 11 of its levels.
You also visited: Sewer and Bailey.

You collected 807 gold pieces.

Inventory:

Hand Weapons
 a - a +3 vampiric dagger (weapon)
Missiles
 d - 17 poisoned darts
 e - a curare-tipped dart (quivered)
Armour
 c - a +0 cloak (worn)
 p - a +0 kite shield (worn)
 s - a +1 helmet (worn)
 u - a +0 pair of boots (worn)
 I - +0 steam dragon scales (worn)
Jewellery
 f - a ring of protection from fire (left hand)
 g - a ring of protection from cold (right hand)
 o - a ring of protection from fire
 v - an amulet of regeneration (around neck)
Wands
 b - a wand of quicksilver (7)
 B - a wand of iceblast (14)
Scrolls
 h - a scroll of silence
 l - 2 scrolls of butterflies
 x - 3 scrolls of teleportation
 y - a scroll of poison
 A - 3 scrolls of vulnerability
Potions
 i - a potion of curing
 k - 2 potions of haste
 n - 3 potions of might
 q - 2 potions of brilliance {unknown}
 r - 2 potions of lignification
 t - a potion of degeneration {unknown}
 w - 2 potions of ambrosia {unknown}
 D - 2 potions of mutation {unknown}
 E - 2 potions of invisibility {unknown}
 F - 5 potions of magic {unknown}
 G - 2 potions of cancellation {unknown}
 H - a potion of attraction {unknown}


   Skills:
 + Level 7.4 Fighting
 - Level 6.0 Short Blades
 - Level 2.0 Throwing
 - Level 1.0 Dodging
 + Level 9.2 Stealth
 - Level 5.0 Shields
 + Level 8.7 Invocations
 - Level 5.0 Evocations


You had 10 spell levels left.
You didn't know any spells.
Your spell library contained the following spells:

 Spells                   Type           Power      Damage    Failure   Level
 Necrotise                Necr           0%         1d4       69%         1
 Dazzling Flash           Conj/Hex       0%         N/A       96%         3
 Inner Flame              Hex/Fire       0%         N/A       96%         3
 Cause Fear               Hex            0%         N/A       100%        4
 Flame Wave               Conj/Fire      0%         2d4       100%        4
 Leda's Liquefaction      Hex/Erth       0%         N/A       100%        4
 Sticky Flame             Conj/Fire      0%         2d3       100%        4
 Dragon Form              Tmut           0%         N/A       100%        7
 Haunt                    Necr/Summ      0%         N/A       100%        7
 Discord                  Hex            0%         N/A       100%        8
 Dragon's Call            Summ           0%         N/A       100%        9


Dungeon Overview and Level Annotations

Branches:
Dungeon (10/15)            Temple (1/1) D:4           Sewer (visited)
 Bailey (visited)
   Lair: D:8-11         Orc: D:9-12

Altars:
Ashenzari
Cheibriados
Dithmenos
Elyvilon
Fedhas
Gozag
Hepliaklqana
Kikubaaqudgha
Makhleb
Nemelex Xobeh
Okawaru
Qazlal
Ru
Sif Muna
Trog
Uskayaw
Vehumet
Wu Jian
Xom
Yredelemnul
Zin
The Shining One

Annotations:
D:6 exclusion: 3 oklob plants
D:7 exclusion: 4 oklob plants
D:8 exclusion: oklob plant
D:10 Maurice


Innate Abilities, Weirdness & Mutations

You have razor-sharp teeth.
Your natural rate of healing is unusually fast.
When hurt, damage is shared between your health and your magic reserves.
Your bite disrupts and absorbs the magic of your enemies.
Potions cannot restore your health.


Message History

The wraith is moderately damaged.
You feel sick.
A curare-tipped dart appears from out of thin air!
The curare-tipped dart hits you.
You are more poisoned.
You have difficulty breathing.
You feel as though you will be slow longer.
The wraith closely misses you.
A steam dragon comes into view.
The steam dragon hisses angrily.
You hit the wraith but do no damage. You bite the wraith, but do no damage.
The wraith is moderately damaged.
You feel extremely sick. The wraith hits you.
* * * LOW HITPOINT WARNING * * *
The wraith drains your vigour!
You feel as though you will be slow longer.
The wraith hits you but does no damage.
You hit the wraith but do no damage.
The wraith is moderately damaged.
You feel very sick.
You hear some strange, mumbled words.
You block the wraith's attack. The steam dragon breathes steam at you.
The ball of steam hits you! You resist.
* * * LOW HITPOINT WARNING * * *
Something hits you but does no damage.
You feel very sick.
A curare-tipped dart appears from out of thin air!
The curare-tipped dart hits you.
You are more poisoned.
You have difficulty breathing.
* * * LOW HITPOINT WARNING * * *
You feel as though you will be slow longer.
The wraith hits you but does no damage.
A curare-tipped dart appears from out of thin air!
The curare-tipped dart hits you.
You are more poisoned.
You have difficulty breathing.
You die...

........,.....##>.### ##)#.....#
<.......,......#..# #.#.....#
....###..........########...#...#
.##..####.##...........##.....###
............###..#####..#...###,,
.................####.D.....# *,,
.........###.##.§...§§##...##**,,
......(.........§W§§..........,,,
.........###.##§@§.....##.....,,,
........,* #.##...............,,,
.#######** #.#........#####...,,,
...# #####..........# *...,,,
##.#####...[).........# *,,,,**
.........######.......# *,,,,*
.......### #.......# ******
.......# ######### .......#


You could see a wraith.

Vanquished Creatures
  A two-headed ogre (D:8)
  An orc knight (Bailey)
  2 kobold demonologists (D:9)
  2 hornets
  A shadow (D:9)
  A wyvern (D:9)
  A wraith (D:9)
  3 yaks (D:10)
  3 steam dragons
  2 water moccasins (D:7)
  2 orc warriors
  5 sky beasts
  6 wandering mushrooms
  2 black bears
  3 ice beasts
  An ogre (D:6)
  3 centaurs
  A phantom (D:5)
  Blork the orc (D:6)
  A kobold brigand (D:4)
  3 bullfrogs
  A necrophage (D:5)
  A scorpion (D:7)
  7 wights
  3 killer bees (D:10)
  4 howler monkeys
  2 hounds
  Crazy Yiuf (D:6)
  2 orc priests (D:9)
  2 gnoll boudas
  3 iguanas
  8 orc wizards
  Robin (D:4)
  13 adders
  5 river rats (Sewer)
  15 gnolls
  3 shadow imps
  An ufetubus (D:4)
  4 worms
  2 dart slugs
  37 orcs
  11 ball pythons
  8 bats
  8 endoplasms
  2 giant cockroaches
  16 goblins
  6 hobgoblins
  7 jackals (D:1)
  6 quokkas
  12 frilled lizards
  7 kobolds
  24 rats
  A ballistomycete spore (D:10)
268 creatures vanquished.

Vanquished Creatures (collateral kills)
  9 ballistomycete spores (Sewer)
9 creatures vanquished.

Vanquished Creatures (others)
  2 sky beasts (D:7)
  2 wandering mushrooms
  2 ballistomycete spores (Sewer)
6 creatures vanquished.

Grand Total: 283 creatures vanquished

Notes
Turn   | Place    | Note
-------+----------+-------------------------------------------
     0 | D:1      | zishaf the Vine Stalker Brigand began the quest for the
                  | Orb.
     0 | D:1      | Reached XP level 1. HP: 11/11 MP: 2/2
   104 | D:1      | Reached skill level 1 in Dodging
   104 | D:1      | Reached XP level 2. HP: 14/15 MP: 3/3
   121 | D:1      | Reached skill level 5 in Stealth
   356 | D:1      | Reached XP level 3. HP: 18/18 MP: 4/4
  1144 | D:2      | Found a faded altar of an unknown god.
  1164 | D:2      | Gained mutation: Your natural rate of healing is unusually
                  | fast. [Vine Stalker growth]
  1164 | D:2      | Reached XP level 4. HP: 23/23 MP: 3/5
  1182 | D:2      | Reached skill level 1 in Shields
  1195 | D:2      | Prayed at the altar of an unknown god.
  1195 | D:2      | Became a worshipper of Fedhas Madash
  1195 | D:2      | Reached * piety under Fedhas
  1637 | D:3      | Reached XP level 5. HP: 24/27 MP: 3/6
  1682 | D:3      | Reached ** piety under Fedhas
  2043 | D:3      | Reached skill level 1 in Invocations
  2233 | D:4      | Noticed a kobold brigand
  2263 | D:4      | Killed a kobold brigand
  2264 | D:4      | Reached skill level 6 in Stealth
  2264 | D:4      | Reached XP level 6. HP: 32/32 MP: 2/8
  2341 | D:4      | Noticed Robin
  2355 | D:4      | Killed Robin
  2430 | D:4      | Found a glowing drain.
  2434 | Sewer    | Entered a sewer
  2576 | Sewer    | Reached *** piety under Fedhas
  2785 | Sewer    | Reached XP level 7. HP: 35/36 MP: 6/9
  3192 | D:4      | Found a staircase to the Ecumenical Temple.
  3474 | Temple   | Entered the Ecumenical Temple
  3572 | Temple   | Fell from the grace of Fedhas
  3572 | Temple   | Became a worshipper of Uskayaw the Reveller
  3727 | D:5      | Entered Level 5 of the Dungeon
  3835 | D:5      | Reached * piety under Uskayaw
  3978 | D:5      | Got the Compilation of Charming Iniquitous Rites
  4118 | D:5      | Reached ** piety under Uskayaw
  4136 | D:5      | Reached *** piety under Uskayaw
  4138 | D:5      | Reached **** piety under Uskayaw
  4648 | D:5      | Gained mutation: You have razor-sharp teeth. [Vine Stalker
                  | growth]
  4648 | D:5      | Reached XP level 8. HP: 42/42 MP: 11/11
  5211 | D:6      | Noticed an oklob plant
  5211 | D:6      | Noticed a wandering mushroom
  5211 | D:6      | Noticed an oklob plant
  5211 | D:6      | Noticed an oklob plant
  5211 | D:6      | Noticed a wandering mushroom
  5415 | D:6      | Reached skill level 5 in Invocations
  5814 | D:6      | Found a runed translucent door.
  5815 | D:6      | Noticed Crazy Yiuf
  5829 | D:6      | Killed Crazy Yiuf
  5898 | D:6      | Noticed Blork the orc
  5904 | D:6      | Killed Blork the orc
  5905 | D:6      | Reached skill level 1 in Evocations
  6002 | D:7      | Reached skill level 5 in Fighting
  6002 | D:7      | Reached XP level 9. HP: 47/47 MP: 12/14
  6114 | D:7      | Found a flagged portal.
  6136 | D:7      | Reached skill level 5 in Short Blades
  6149 | Bailey   | Entered a bailey
  6355 | Bailey   | Noticed an orc knight
  6360 | Bailey   | Killed an orc knight
  6394 | Bailey   | Reached ***** piety under Uskayaw
  6594 | D:7      | Reached skill level 5 in Shields
  6901 | D:7      | Reached XP level 10. HP: 50/53 MP: 12/16
  7195 | D:7      | Noticed an oklob plant
  7195 | D:7      | Noticed an oklob plant
  7195 | D:7      | Noticed an oklob plant
  7195 | D:7      | Noticed an oklob plant
  7337 | D:8      | Got the Quarto of Hot Iniquitous Rituals
  7355 | D:8      | Noticed an oklob plant
  7398 | D:8      | You fall into a shaft and drop 2 floors!
  7398 | D:10     | Entered Level 10 of the Dungeon
  7512 | D:10     | Noticed Maurice
  7663 | D:8      | Noticed a two-headed ogre
  7677 | D:8      | Reached skill level 7 in Stealth
  7680 | D:8      | Killed a two-headed ogre
  7904 | D:8      | Reached skill level 5 in Evocations
  8333 | D:9      | Noticed a kobold demonologist
  8342 | D:9      | Killed a kobold demonologist
  8343 | D:9      | Reached skill level 8 in Stealth
  8431 | D:9      | Noticed a kobold demonologist
  8434 | D:9      | Noticed an orange demon
  8449 | D:9      | Killed a kobold demonologist
  8799 | D:10     | Reached XP level 11. HP: 45/58 MP: 11/18
  8808 | D:10     | Paralysed by a hornet for 3 turns
  8813 | D:10     | Reached skill level 9 in Stealth
  8903 | D:10     | Found a bloodstained altar of Trog.
  8909 | D:10     | Found a basalt altar of Yredelemnul.
  8909 | D:10     | Found an ornate altar of the Wu Jian Council.
  8920 | D:10     | Found a shadowy altar of Dithmenos.
  8923 | D:10     | Found a burning altar of Makhleb.
  8990 | D:10     | HP: 2/58 [asphyx]
  8990 | D:10     | Asphyxiated

Illustrated notes

Levels and vault maps discovered:
D:1:      sevenhm_arrival_forest_fort_large_4, layout_basic, minmay_tetromino_s4
D:2:      layout_rooms, ebering_ecumenical_altar_sacrificial,
          minmay_misc_feat_five
D:3:      layout_basic, dreamdust_princess_corridor
D:4:      layout_basic, temple_hall, gup_sewer_entry_bowl,
          minmay_misc_feat_secret_circle, uniq_robin
D:5:      layout_layer_cave
D:6:      layout_basic, uniq_crazy_yiuf_cottage, uniq_blork_the_orc
D:7:      layout_rooms, enter_bailey_5, hangedman_misty_isle
D:8:      layout_basic
D:9:      layout_basic
D:10:     layout_rooms, minmay_overflow_temple_star_hex,
          minmay_misc_feat_four_crosses, uniq_maurice
Temple:   minmay_temple_bridge_d

Skill      XL: |  1  2  3  4  5  6  7  8  9 10 11 |
---------------+----------------------------------+-----
Dodging        | 1 |  1.0
Throwing       | 2 |  2.0
Stealth        | 5 6 8 9 |  9.2
Fighting       | 2 3 4 5 7 |  7.4
Short Blades   | 2 3 4 6 |  6.0
Shields        | 1 2 3 4 5 |  5.0
Invocations    | 1 2 3 5 7 8 |  8.7
Evocations     | 1 3 5 |  5.0

Action                   |  1- 3 |  4- 6 |  7- 9 | 10-12 || total
-------------------------+-------+-------+-------+-------++-------
Melee: Dagger            |   104 |   298 |   430 |   320 ||  1152
       Bite              |    25 |    78 |   136 |   142 ||   381
       Punch             |     1 |       |       |       ||     1
Throw: Dart              |    14 |     3 |     3 |     3 ||    23
Invok: Wall of Briars    |       |     1 |       |       ||     1
       Grow Ballistomyce |       |     3 |       |       ||     3
Evoke: Wand              |       |       |     3 |     2 ||     5
  Use: Scroll            |       |     9 |     5 |     3 ||    17
       Potion            |       |       |     1 |     2 ||     3
 Stab: Sleeping          |     3 |     9 |    23 |     7 ||    42
       Distracted        |       |     1 |     2 |       ||     3
       Paralysed         |       |       |    12 |    14 ||    26
Armor: Robe              |    25 |    86 |    86 |       ||   197
       Skin              |       |       |    28 |       ||    28
       Steam dragon scal |       |       |    24 |    65 ||    89
Dodge: Dodged            |    62 |   128 |   130 |   104 ||   424
Block: Buckler           |     2 |    44 |       |       ||    46
       Kite shield       |       |    38 |   196 |   130 ||   364

Table legend: (Time is in decaauts)
 A = Elapsed time spent in this place.
 B = Non-inter-level travel time spent in this place.
 C = Inter-level travel time spent in this place.
 D = Time resting spent in this place.
 E = Time spent auto-exploring this place.
 F = Levels seen in this place.
 G = Mean time per level.
                   A        B        C        D        E       F      G
               +--------+--------+--------+--------+--------+-----+--------+
         Total |   8973 |   8509 |    464 |    180 |   5572 |  13 |  690.2 |
       Dungeon |   8002 |   7635 |    367 |    180 |   5174 |  10 |  800.2 |
        Temple |    171 |     74 |     97 |      0 |     64 |   1 |  171.0 |
         Sewer |    433 |    433 |      0 |      0 |    121 |   1 |  433.0 |
        Bailey |    366 |    366 |      0 |      0 |    213 |   1 |  366.0 |
               +--------+--------+--------+--------+--------+-----+--------+

Top non-repeatable levels by time:
     D:5: 1232 daAuts
     D:6: 1043 daAuts
     D:4: 1005 daAuts
     D:1: 992 daAuts
     D:7: 923 daAuts
     D:8: 712 daAuts
     D:2: 586 daAuts
     D:9: 578 daAuts
     D:3: 569 daAuts
   Sewer: 433 daAuts
  Bailey: 366 daAuts
    D:10: 358 daAuts
  Temple: 171 daAuts
